 Dungeon Crawl Stone Soup version 0.29.1-1-gd02db6906a (webtiles) character file.

Game seed: 11211918502623016250

2 hawla the Firebug (level 1, 0/10 HPs)
             Began as a Deep Elf Fire Elementalist on Oct 2, 2022.
             Slain by a jackal (1 damage)
             ... on level 1 of the Dungeon.
             The game lasted 00:00:29 (117 turns).

hawla the Firebug (Deep Elf Fire Elementalist)       Turns: 117, Time: 00:00:30

Health: 0/10       AC:  2    Str:  5    XL:     1   Next: 33%
Magic:  5/6        EV: 12    Int: 19    God:
Gold:   0          SH:  0    Dex: 15    Spells: 5/6 levels left

rFire   . . .      SeeInvis .   (no weapon)
rCold   . . .      Faith    .   (no shield)
rNeg    . . .      Spirit   .   a - +0 robe
rPois   .          Reflect  .   (no helmet)
rElec   .          Harm     .   (no cloak)
rCorr   .          Rampage  .   (no gloves)
Will    .....                   (no boots)
Stlth   ++........              (no amulet)
HPRegen 0.03/turn               (no ring)
MPRegen 0.10/turn               (no ring)

@: no status effects
A: no striking features
a: no special abilities


You were on level 1 of the Dungeon.
You visited 1 branch of the dungeon, and saw 1 of its levels.

Inventory:

Armour
 a - a +0 robe (worn)
Potions
 b - a potion of magic


   Skills:
 + Level 2.4 Dodging
 + Level 2.4 Stealth
 + Level 3.0 Spellcasting
 + Level 1.1 Conjurations
 + Level 3.4 Fire Magic


You had 5 spell levels left.
You knew the following spells:

 Your Spells              Type           Power      Damage    Failure   Level
a - Foxfire               Conj/Fire      44%        2x1d6     6%          1

Your spell library contained the following spells:

 Spells                   Type           Power      Damage    Failure   Level
 Scorch                   Fire           32%        2d6       5%          2
 Conjure Flame            Conj/Fire      11%        6-21      19%         3
 Inner Flame              Hex/Fire       9%         N/A       22%         3
 Flame Wave               Conj/Fire      11%        2d6       52%         4


Dungeon Overview and Level Annotations

Branches:
Dungeon (1/15)

Altars:


Message History

Casting: Foxfire (safe; 6% risk of failure)
Confirm with . or Enter, or press ? or * to list all spells.
You conjure some foxfire!
The jackal barely misses you. The endoplasm freezes you.
You are frozen.
A jackal comes into view.
The jackal misses you.
Your foxfire dissipates!
The jackal bites you. The jackal attacks as you move away!
The jackal closely misses you. The jackal attacks as you move away!
The jackal bites you. The jackal misses you.
The jackal attacks as you move away! The jackal closely misses you.
A bat comes into view.
The bat moves out of view.
An endoplasm comes into view.
The endoplasm quivers.
The jackal bites you.
The endoplasm jiggles.
Casting: Foxfire (safe; 6% risk of failure)
Confirm with . or Enter, or press ? or * to list all spells.
You conjure some foxfire!
The jackal bites you.
* * * LOW HITPOINT WARNING * * *
The bat attacks as you move away! The bat hits you but does no damage.
The endoplasm attacks as you move away! The endoplasm hits you.
* * * LOW HITPOINT WARNING * * *
The jackal attacks as you move away! The jackal barely misses you.
The foxfire hits the bat.
The bat is severely wounded.
A jackal comes into view.
The bat hits you but does no damage. The bat closely misses you.
The jackal misses you.
Okay, then.
The bat attacks as you move away! The bat barely misses you.
The bat misses you.
As you read the scroll labelled TAUKHU ZASIUFE, it crumbles to dust.
It is a scroll of identify.
You don't have any unidentified items.
The bat hits you but does no damage. The jackal bites you.
You die...

#.# # #.# # #.############
#............#
#..#########.#
#####.)#########.#
#..............#..
#########.###..#######.#†.
......Jhb@............>...
......J.#h#....##.##.#.###
....h...h...##............
....###.#..............###
... #.#.#...#####....# ..
#.#.#.).#...#....#
#.#.#.###.♣.###..#
#.#.#.#.......#..#
#.#.#[+.♣.<.♣.'.)###


You could see 2 endoplasms, 4 jackals and a bat.

Vanquished Creatures
  A giant cockroach (D:1)
  A goblin (D:1)
2 creatures vanquished.

Vanquished Creatures (others)
  6 foxfires (D:1)
6 creatures vanquished.

Grand Total: 8 creatures vanquished

Notes
Turn   | Place    | Note
-------+----------+-------------------------------------------
     0 | D:1      | hawla the Deep Elf Fire Elementalist began the quest for
                  | the Orb.
     0 | D:1      | Reached XP level 1. HP: 10/10 MP: 6/6
   117 | D:1      | Slain by a jackal

Illustrated notes

Levels and vault maps discovered:
D:1:      dpeg_arrival_simpleton_c, layout_basic,
          hellmonk_ecumenical_altar_pennies_from_heaven

Action                   || total
-------------------------++-------
Melee: Unarmed           ||     1
 Cast: Foxfire           ||     5
  Use: Scroll            ||     1
Armor: Robe              ||     3
Dodge: Dodged            ||    12
